NCAA
FLORIDA STATE SEMINOLES @ NEBRASKA CORNHUSKERS
04/22/2027
 
TOP OF THE 1ST
Florida State Seminoles batting - Pitching for Nebraska Cornhuskers : LHP Miguel Meneces
Pitching: LHP Miguel Meneces
Batting: RHB Lorenzo Cintrón 0-0: Foul Ball, location: 2F
0-1: Foul Ball, location: 2F
0-2: SINGLE (Groundball, 56S) (infield hit)
Batting: RHB Roberto Casas 0-0: Foul Ball, location: 2F
0-1: Called Strike
0-2: Foul Ball, location: 2F
0-2: Ball
1-2: Strikes out looking
Batting: RHB Rubén Hernández 0-0: Called Strike
0-1: Foul Ball, location: 2F
0-2: Ball
Passed Ball!
Lorenzo Cintrón to second
1-2: Ball
2-2: Foul Ball, location: 2F
2-2: Strikes out swinging
Batting: RHB Quentin Underwood 0-0: Ball
1-0: Ball
2-0: Ball
3-0: Called Strike
3-1: Called Strike
3-2: Foul Ball, location: 2F
3-2: Foul Ball, location: 2F
3-2: Base on Balls
Batting: LHB Paul Cotton 0-0: Ball
1-0: Ball
2-0: Ball
3-0: Called Strike
3-1: Ground out 3-1 (Groundball, 34)
Top of the 1st over - 0 run(s), 1 hit(s), 0 error(s), 2 left on base; Florida State 0 - Nebraska 0
BOTTOM OF THE 1ST
Nebraska Cornhuskers batting - Pitching for Florida State Seminoles : RHP Michael Jeffries
Pitching: RHP Michael Jeffries
Batting: RHB Júlio Franco 0-0: Foul Ball, location: 2F
0-1: Foul Ball, location: 2F
0-2: Ball
1-2: Fly out, F8 (Line Drive, 8LM)
Batting: SHB Pete Albert 0-0: Ground out 4-3 (Groundball, 4)
Batting: LHB José Pérez 0-0: Ball
1-0: Swinging Strike
1-1: Ball
2-1: Fly out, F9 (Flyball, 9)
Bottom of the 1st over - 0 run(s), 0 hit(s), 0 error(s), 0 left on base; Florida State 0 - Nebraska 0
TOP OF THE 2ND
Florida State Seminoles batting - Pitching for Nebraska Cornhuskers : LHP Miguel Meneces
Batting: RHB Fred Burgess 0-0: Called Strike
0-1: Foul Ball, location: 2F
0-2: Foul Ball, location: 2F
0-2: Strikes out swinging
Batting: RHB John Newman 0-0: Called Strike
0-1: Ball
1-1: Foul Ball, location: 2F
1-2: Strikes out swinging
Batting: RHB Dennis Curran 0-0: Called Strike
0-1: Ball
1-1: Foul Ball, location: 2F
1-2: Ground out 5-3 (Groundball, 56)
Top of the 2nd over - 0 run(s), 0 hit(s), 0 error(s), 0 left on base; Florida State 0 - Nebraska 0
BOTTOM OF THE 2ND
Nebraska Cornhuskers batting - Pitching for Florida State Seminoles : RHP Michael Jeffries
Batting: LHB Phil Krieger 0-0: Ball
1-0: Ball
2-0: Ground out 4-3 (Groundball, 4S)
Batting: RHB Michael Reed 0-0: Foul Ball, location: 2F
0-1: Ball
1-1: Ball
2-1: Ball
3-1: Base on Balls
Batting: LHB Darrell Beard 0-0: Ball
1-0: DOUBLE (Line Drive, 7)
Michael Reed to third
Runner from 3rd tries for Home, throw and OUT!
Batting: RHB Jeffery Taylor 0-0: SINGLE (Line Drive, 7S)
Darrell Beard to third
Batting: RHB António Rodríguez 0-0: Ball
1-0: Ball
2-0: Ball
3-0: Called Strike
3-1: Base on Balls
Jeffery Taylor to second
Batting: SHB Carl Rivers 0-0: Foul Ball, location: 2F
0-1: DOUBLE (Flyball, 7LM)
Darrell Beard scores
Jeffery Taylor scores
António Rodríguez to third
Runner from 3rd tries for Home, SAFE, no throw
Batting: RHB Júlio Franco 0-0: Fly out, F8 (Flyball, 8RM)
Bottom of the 2nd over - 3 run(s), 3 hit(s), 0 error(s), 1 left on base; Florida State 0 - Nebraska 3
TOP OF THE 3RD
Florida State Seminoles batting - Pitching for Nebraska Cornhuskers : LHP Miguel Meneces
Batting: LHB Allan Bates 0-0: Swinging Strike
0-1: Ball
1-1: Swinging Strike
1-2: Strikes out looking
Batting: RHB Lorenzo Cintrón 0-0: Called Strike
0-1: Ball
1-1: Ball
2-1: Ball
3-1: Base on Balls
Batting: RHB Roberto Casas 0-0: Called Strike
0-1: Ball
1-1: Swinging Strike
1-2: Strikes out swinging
Batting: RHB Rubén Hernández 0-0: Called Strike
0-1: Called Strike
0-2: Ball
1-2: Strikes out swinging
Top of the 3rd over - 0 run(s), 0 hit(s), 0 error(s), 1 left on base; Florida State 0 - Nebraska 3
BOTTOM OF THE 3RD
Nebraska Cornhuskers batting - Pitching for Florida State Seminoles : RHP Michael Jeffries
Batting: SHB Pete Albert 0-0: Ball
1-0: Called Strike
1-1: Ball
2-1: Ball
3-1: Reached on error, E4 (Groundball, 4)
Batting: LHB José Pérez 0-0: Foul Ball, location: 2F
0-1: Ball
1-1: Ball
2-1: Ball
3-1: Called Strike
3-2: Foul Ball, location: 2F
3-2: Foul Ball, location: 2F
3-2: Foul Ball, location: 2F
3-2: Base on Balls
Pete Albert to second
Batting: LHB Phil Krieger 0-0: Called Strike
0-1: Ball
1-1: Fly out, F5 (Popup, 56)
Batting: RHB Michael Reed 0-0: Ball
1-0: Called Strike
1-1: SINGLE (Line Drive, 89S)
Pete Albert to third
José Pérez to second
Batting: LHB Darrell Beard 0-0: Ball
1-0: Called Strike
1-1: Ball
2-1: Fly out, F9 (Flyball, 9S)
Batting: RHB Jeffery Taylor 0-0: Reached on error, E5 (Groundball, 5S)
Pete Albert scores
José Pérez to third
Michael Reed to second
Batting: RHB António Rodríguez 0-0: Foul Ball, location: 2F
0-1: Ball
1-1: Fly out, F9 (Flyball, 9S)
Bottom of the 3rd over - 1 run(s), 1 hit(s), 2 error(s), 3 left on base; Florida State 0 - Nebraska 4
TOP OF THE 4TH
Florida State Seminoles batting - Pitching for Nebraska Cornhuskers : LHP Miguel Meneces
Batting: RHB Quentin Underwood 0-0: Ball
1-0: Swinging Strike
1-1: Fly out, F8 (Line Drive, 8RM)
Batting: LHB Paul Cotton 0-0: SINGLE (Line Drive, 9S)
Batting: RHB Fred Burgess 0-0: Called Strike
0-1: Called Strike
0-2: Strikes out swinging
Batting: RHB John Newman 0-0: SINGLE (Line Drive, 56)
Paul Cotton to second
Batting: RHB Dennis Curran 0-0: Called Strike
0-1: Ball
1-1: Ball
2-1: Foul Ball, location: 2F
2-2: Ball
3-2: Strikes out looking
Top of the 4th over - 0 run(s), 2 hit(s), 0 error(s), 2 left on base; Florida State 0 - Nebraska 4
BOTTOM OF THE 4TH
Nebraska Cornhuskers batting - Pitching for Florida State Seminoles : RHP Michael Jeffries
Batting: SHB Carl Rivers 0-0: Hit by Pitch
Batting: RHB Júlio Franco 0-0: Ball
1-0: Foul Ball, location: 2F
1-1: Swinging Strike
1-2: Ball
Wild Pitch!
Carl Rivers to second
2-2: Strikes out swinging
Batting: SHB Pete Albert 0-0: Ball
1-0: Foul Ball, location: 2F
1-1: Fly out, F8 (Flyball, 8LM)
Batting: LHB José Pérez 0-0: Ball
1-0: Foul Ball, location: 2F
1-1: Swinging Strike
1-2: Ball
2-2: Foul Ball, location: 2F
2-2: Ball
3-2: Base on Balls
Batting: LHB Phil Krieger 0-0: Ball
1-0: Ball
2-0: Called Strike
2-1: Ball
3-1: Called Strike
3-2: Strikes out looking
Bottom of the 4th over - 0 run(s), 0 hit(s), 0 error(s), 2 left on base; Florida State 0 - Nebraska 4
TOP OF THE 5TH
Florida State Seminoles batting - Pitching for Nebraska Cornhuskers : LHP Miguel Meneces
Batting: LHB Allan Bates 0-0: Ball
1-0: Called Strike
1-1: Swinging Strike
1-2: Fly out, F8 (Flyball, 8RS)
Batting: RHB Lorenzo Cintrón 0-0: Ball
1-0: Fly out, F6 (Popup, 56)
Batting: RHB Roberto Casas 0-0: Ball
1-0: DOUBLE (Line Drive, 7LS)
Pinch Runner at 2nd José Sosa:
Batting: RHB Rubén Hernández 0-0: Foul Ball, location: 2F
0-1: Called Strike
0-2: Ball
1-2: Strikes out swinging
Top of the 5th over - 0 run(s), 1 hit(s), 0 error(s), 1 left on base; Florida State 0 - Nebraska 4
BOTTOM OF THE 5TH
Nebraska Cornhuskers batting - Pitching for Florida State Seminoles : RHP Michael Jeffries
Now at 2B: José Sosa
Batting: RHB Michael Reed 0-0: Ball
1-0: Called Strike
1-1: Ground out 5-3 (Groundball, 56S)
Pitching: RHP Erik Hale
Batting: LHB Darrell Beard 0-0: Foul Ball, location: 2F
0-1: Reaches on Catchers interference
Batting: RHB Jeffery Taylor 0-0: Ball
1-0: Foul Ball, location: 2F
1-1: Ball
2-1: Ball
3-1: Base on Balls
Darrell Beard to second
Batting: RHB António Rodríguez 0-0: Ball
1-0: Called Strike
1-1: Foul Ball, location: 2F
1-2: Foul Ball, location: 2F
1-2: Foul Ball, location: 2F
1-2: 3-RUN HOME RUN (Flyball, 9D), Distance : 346 ft
Pitching: LHP Mike Edmonds
Batting: SHB Carl Rivers 0-0: Swinging Strike
0-1: Ground out 6-3 (Groundball, 6S)
Batting: RHB Júlio Franco 0-0: Called Strike
0-1: SINGLE (Line Drive, 89M)
Batting: SHB Pete Albert 0-0: Ball
1-0: 2-RUN HOME RUN (Flyball, 7D), Distance : 365 ft
Batting: LHB José Pérez 0-0: Swinging Strike
0-1: SOLO HOME RUN (Flyball, 89XD), Distance : 382 ft
Batting: LHB Phil Krieger 0-0: Ball
1-0: Ball
2-0: Foul Ball, location: 2F
2-1: Swinging Strike
2-2: Hit by Pitch
Pitching: LHP Juan Morán
Batting: RHB Michael Reed 0-0: Swinging Strike
0-1: Ball
1-1: Ball
2-1: Foul Ball, location: 2F
2-2: Foul Ball, location: 2F
2-2: Fly out, F9 (Flyball, 9S)
Bottom of the 5th over - 6 run(s), 4 hit(s), 1 error(s), 1 left on base; Florida State 0 - Nebraska 10
TOP OF THE 6TH
Florida State Seminoles batting - Pitching for Nebraska Cornhuskers : LHP Miguel Meneces
Pitching: RHP Sergio Sánchez
Batting: RHB Quentin Underwood 0-0: Ball
1-0: Called Strike
1-1: Ground out 1-3 (Groundball, P)
Batting: LHB Paul Cotton 0-0: Called Strike
0-1: Ball
1-1: Ground out U3 (Groundball, 34)
Batting: RHB Fred Burgess 0-0: Called Strike
0-1: Ball
1-1: Ball
2-1: SINGLE (Line Drive, 7S)
Batting: RHB John Newman 0-0: Foul Ball, location: 2F
0-1: Ball
1-1: Ball
2-1: Ball
3-1: Fly out, F7 (Flyball, 7)
Top of the 6th over - 0 run(s), 1 hit(s), 0 error(s), 1 left on base; Florida State 0 - Nebraska 10
BOTTOM OF THE 6TH
Nebraska Cornhuskers batting - Pitching for Florida State Seminoles : LHP Juan Morán
Batting: LHB Darrell Beard 0-0: Ball
1-0: Ball
2-0: Ball
3-0: Called Strike
3-1: Base on Balls
Batting: RHB Jeffery Taylor 0-0: Ground out 5-3 (Groundball, 56S)
Darrell Beard to second
Batting: RHB António Rodríguez 0-0: Swinging Strike
0-1: Ball
1-1: Called Strike
1-2: Ball
2-2: Strikes out looking
Batting: SHB Carl Rivers 0-0: Fly out, F5 (Line Drive, 5L)
Bottom of the 6th over - 0 run(s), 0 hit(s), 0 error(s), 1 left on base; Florida State 0 - Nebraska 10
TOP OF THE 7TH
Florida State Seminoles batting - Pitching for Nebraska Cornhuskers : RHP Sergio Sánchez
Batting: RHB Dennis Curran 0-0: Swinging Strike
0-1: Ground out 5-3 (Groundball, 5)
Batting: LHB Allan Bates 0-0: Called Strike
0-1: Hit by Pitch
Batting: RHB Lorenzo Cintrón 0-0: Foul Ball, location: 2F
0-1: Ball
1-1: Ball
2-1: Ball
3-1: Called Strike
3-2: Base on Balls
Allan Bates to second
Batting: RHB José Sosa 0-0: Swinging Strike
0-1: Called Strike
0-2: Ball
1-2: Ball
2-2: Strikes out swinging
Batting: RHB Rubén Hernández 0-0: Ball
1-0: Called Strike
1-1: Ground out 1-3 (Groundball, 15S)
Top of the 7th over - 0 run(s), 0 hit(s), 0 error(s), 2 left on base; Florida State 0 - Nebraska 10
BOTTOM OF THE 7TH
Nebraska Cornhuskers batting - Pitching for Florida State Seminoles : LHP Juan Morán
Batting: RHB Júlio Franco 0-0: Called Strike
0-1: Ball
1-1: SINGLE (Groundball, 4D)
Batting: SHB Pete Albert 0-0: Called Strike
0-1: Called Strike
0-2: Ball
1-2: Strikes out swinging
Batting: LHB José Pérez 0-0: Ball
1-0: Ball
2-0: Ball
3-0: Called Strike
3-1: Foul Ball, location: 2F
3-2: Foul Ball, location: 2F
3-2: Base on Balls
Júlio Franco to second
Batting: LHB Phil Krieger 0-0: Called Strike
0-1: Ball
1-1: Swinging Strike
1-2: Foul Ball, location: 2F
1-2: Ball
2-2: Fly out, F7 (Flyball, 7LS)
Batting: RHB Michael Reed 0-0: Ball
1-0: Called Strike
1-1: Ball
2-1: Ball
3-1: TRIPLE (Line Drive, 78M)
Júlio Franco scores
José Pérez scores
Batting: LHB Darrell Beard 0-0: Called Strike
0-1: SINGLE (Flyball, 4MD)
Michael Reed scores
Pitching: RHP Sergio Márquez
Batting: RHB Jeffery Taylor 0-0: SINGLE (Groundball, 34D)
Darrell Beard to second
Runner from 2nd tries for 3rd, SAFE, throw made to third
Batting: RHB António Rodríguez 0-0: Called Strike
0-1: Called Strike
0-2: Foul Ball, location: 2F
0-2: Ball
1-2: Strikes out swinging
Bottom of the 7th over - 3 run(s), 4 hit(s), 0 error(s), 2 left on base; Florida State 0 - Nebraska 13
TOP OF THE 8TH
Florida State Seminoles batting - Pitching for Nebraska Cornhuskers : RHP Sergio Sánchez
Batting: RHB Quentin Underwood 0-0: Ball
1-0: Ball
2-0: Called Strike
2-1: Ball
3-1: Base on Balls
Batting: LHB Paul Cotton 0-0: Ball
1-0: Fly out, F9 (Flyball, 9S)
Batting: RHB Fred Burgess 0-0: Fielders Choice at 2nd, 6-4 (Groundball, 6)
Batting: RHB John Newman 0-0: Ball
1-0: Swinging Strike
1-1: Foul Ball, location: 2F
1-2: Strikes out swinging
Top of the 8th over - 0 run(s), 0 hit(s), 0 error(s), 1 left on base; Florida State 0 - Nebraska 13
BOTTOM OF THE 8TH
Nebraska Cornhuskers batting - Pitching for Florida State Seminoles : RHP Sergio Márquez
Batting: SHB Carl Rivers 0-0: Ball
1-0: Ball
2-0: Swinging Strike
2-1: Foul Ball, location: 2F
2-2: Fly out, F7 (Flyball, 7S)
Batting: RHB Júlio Franco 0-0: Ball
1-0: Swinging Strike
1-1: SINGLE (Groundball, 6MD)
Batting: SHB Pete Albert 0-0: Called Strike
0-1: Foul Ball, location: 2F
0-2: Strikes out swinging
Batting: LHB José Pérez 0-0: Ball
1-0: Ball
2-0: Foul Ball, location: 2F
2-1: Called Strike
2-2: DOUBLE (Line Drive, 9LD)
Júlio Franco to third
Júlio Franco scores
Batting: LHB Phil Krieger 0-0: Ball
1-0: Ball
2-0: Called Strike
2-1: Called Strike
2-2: Foul Ball, location: 2F
2-2: Ball
3-2: Strikes out swinging
Bottom of the 8th over - 1 run(s), 2 hit(s), 0 error(s), 1 left on base; Florida State 0 - Nebraska 14
TOP OF THE 9TH
Florida State Seminoles batting - Pitching for Nebraska Cornhuskers : RHP Sergio Sánchez
Batting: RHB Dennis Curran 0-0: Ball
1-0: Ground out 6-3 (Groundball, 6)
Batting: LHB Allan Bates 0-0: Called Strike
0-1: Ground out 4-3 (Groundball, 4)
Batting: RHB Lorenzo Cintrón 0-0: Foul Ball, location: 2F
0-1: Ball
1-1: Foul Ball, location: 2F
1-2: SINGLE (Flyball, 7S)
Batting: RHB José Sosa 0-0: Called Strike
0-1: Ball
1-1: Swinging Strike
1-2: SINGLE (Flyball, 8RS)
Lorenzo Cintrón to second
Runner from 2nd tries for 3rd, SAFE, no throw
Batting: RHB Rubén Hernández 0-0: Called Strike
0-1: Foul Ball, location: 2F
0-2: Ball
1-2: Foul Ball, location: 2F
1-2: Strikes out looking
Top of the 9th over - 0 run(s), 2 hit(s), 0 error(s), 2 left on base; Florida State 0 - Nebraska 14
Thursday, March 30th, 2017 - OOTP Baseball 17.12 Build 75